 Dungeon Crawl Stone Soup version 0.26-a0-663-g36e8fdb655 (webtiles) character file.

Game seed: 7779767009798189514

119610 Peloso the Peltast (level 16, -3/149 HPs)
             Began as a Minotaur Fighter on Oct 11, 2020.
             Was the Champion of Okawaru.
             Slain by a shambling mangrove (10 damage)
             ... on level 1 of the Swamp.
             The game lasted 01:57:34 (32627 turns).

Peloso the Peltast (Minotaur Fighter)              Turns: 32627, Time: 01:57:34

Health: -3/149     AC: 30    Str: 24    XL:     16   Next: 28%
Magic:  15/17      EV: 10    Int:  8    God:    Okawaru [******]
Gold:   1063       SH: 18    Dex: 14    Spells: 15/15 levels left

rFire    + + .     SeeInvis .   b - +1 demon blade (vamp)
rCold    + . .     Faith    .   e - +0 kite shield
rNeg     . . .     Spirit   .   l - +2 plate armour {rPois}
rPois    +         Reflect  .   H - +2 hat
rElec    +         Harm     .   (no cloak)
rCorr    +         Rampage  .   K - +0 pair of gloves of Poor Excuses {MR+ Int+3}
MR       +++..     Clarity  +   X - +2 pair of boots
Stlth    ..........             (no amulet)
HPRegen  0.34/turn              f - ring of Xelev {rF++ MR+}
MPRegen  0.15/turn              W - ring "Otokhlal" {rElec rC+ rCorr}

@: heroism, grasped by roots, constricted
A: retaliatory headbutt, horns 2, slimy green scales 1, clarity
a: Heroism, Finesse, Renounce Religion


You were on level 1 of the Swamp.
You worshipped Okawaru.
Okawaru was exalted by your worship.
You visited 6 branches of the dungeon, and saw 25 of its levels.
You also visited: Ossuary, Gauntlet and Volcano.

You collected 3375 gold pieces.
You spent 2312 gold pieces at shops.

Inventory:

Hand Weapons
 a - a +5 vorpal double sword
 b - a +1 vampiric demon blade (weapon)
 c - a +2 long sword of flaming
Armour
 d - +0 swamp dragon scales
 e - a +0 kite shield (worn)
 k - a +1 plate armour of fire resistance
 l - a +2 plate armour of poison resistance (worn)
 H - a +2 hat (worn)
 K - the +0 pair of gloves of Poor Excuses (worn) {MR+ Int+3}
   (Okawaru gifted it to you on level 2 of the Orcish Mines)

   It affects your intelligence (+3).
   It affects your resistance to hostile enchantments.
 N - a +0 pair of gloves of strength
 X - a +2 pair of boots (worn)
Jewellery
 f - the ring of Xelev (left hand) {rF++ MR+}
   (You bought it in a shop on level 1 of the Orcish Mines)

   [ring of protection from magic]

   It greatly protects you from fire.
   It affects your resistance to hostile enchantments.
 h - an uncursed ring of ice
 z - a +6 ring of strength
 W - the ring "Otokhlal" (right hand) {rElec rC+ rCorr}
   (You found it in a Gauntlet)

   [ring of resist corrosion]

   It protects you from cold.
   It insulates you from electricity.
   It provides partial protection from all sources of acid and corrosion.
Wands
 P - a wand of digging (1)
Scrolls
 i - 12 scrolls of remove curse
 n - 5 scrolls of identify
 I - 12 scrolls of teleportation
 O - 3 scrolls of magic mapping
 R - 5 scrolls of fog
Potions
 g - 3 potions of experience
 p - 2 potions of resistance
 q - 3 potions of haste
 t - 2 potions of flight
 A - a potion of mutation
 E - a potion of stabbing
 G - 4 potions of curing
 M - 2 potions of berserk rage


   Skills:
 + Level 15.0(20.0) Fighting
 + Level 17.3(22.3) Long Blades
 + Level 14.8(19.8) Armour
 + Level 4.5(9.5) Dodging
 + Level 2.3(7.3) Stealth
 + Level 19.5(24.5) Shields
 + Level 0.3(5.3) Unarmed Combat
 + Level 2.9 Invocations
 + Level 1.3 Evocations


You had 15 spell levels left.
You didn't know any spells.
Your spell library contained the following spells:

 Spells                   Type           Power        Failure   Level
 Foxfire                  Conj/Fire      #...         94%         1
 Magic Dart               Conj           #...         94%         1
 Summon Small Mammal      Summ           #...         94%         1
 Blink                    Tloc           N/A          98%         2
 Call Imp                 Summ           #.......     98%         2
 Searing Ray              Conj           #.....       98%         2
 Slow                     Hex            #.......     98%         2
 Sublimation of Blood     Necr           #.........   98%         2
 Call Canine Familiar     Summ           #.......     100%        3
 Conjure Flame            Conj/Fire      #.......     100%        3
 Dazzling Flash           Conj/Hex       #.....       100%        3
 Ignite Poison            Fire/Tmut/Pois #.......     100%        3
 Inner Flame              Hex/Fire       #.......     100%        3
 Mephitic Cloud           Conj/Pois/Air  #.......     100%        3
 Summon Guardian Golem    Hex/Summ       #.......     100%        3
 Fulminant Prism          Conj/Hex       #.........   100%        4
 Iskenderun's Mystic Bla  Conj/Tloc      #.......     100%        4
 Petrify                  Tmut/Erth      #.......     100%        4
 Sticky Flame             Conj/Fire      #.......     100%        4
 Summon Ice Beast         Ice/Summ       #.......     100%        4
 Summon Lightning Spire   Summ/Air       #.......     100%        4
 Alistair's Intoxication  Tmut/Pois      #........    100%        5
 Fireball                 Conj/Fire      #.........   100%        5
 Irradiate                Conj/Tmut      #.........   100%        5
 Eringya's Noxious Bog    Tmut/Pois      #.........   100%        6


Dungeon Overview and Level Annotations

Branches:
Dungeon (14/15)            Temple (1/1) D:7            Lair (6/6) D:10
  Swamp (1/4) Lair:3        Snake (0/4) Lair:4        Slime (0/5) Lair:5
    Orc (2/2) D:10            Elf (1/3) Orc:2        Vaults (0/5) D:14
Ossuary (visited)         Volcano (visited)         Gauntlet (visited)

Altars:
Cheibriados
Dithmenos
Elyvilon
Fedhas
Gozag
Hepliaklqana
Kikubaaqudgha
Makhleb
Nemelex Xobeh
Okawaru
Ru
Sif Muna
Trog
Wu Jian
Xom
Yredelemnul
The Shining One
Beogh
Jiyva

Shops:
D:7 (   Orc:1 =   Orc:2 !*}?   Elf:1 ?**

Annotations:
D:14 Casa
Swamp:1 Jorgrun


Innate Abilities, Weirdness & Mutations

You reflexively headbutt those who attack you in melee.
You have a pair of horns on your head.
You are partially covered in slimy green scales. (AC +2)
You possess an exceptional clarity of mind.


Message History

The shambling mangrove is heavily damaged.
The spriggan rider hits you but does no damage.
Unknown command.
You hit the shambling mangrove but do no damage.
The shambling mangrove is heavily damaged.
The shambling mangrove hits you but does no damage.
* * * LOW HITPOINT WARNING * * *
The grasping roots constrict you! You block the spriggan rider's attack.
Unknown command.
You feel better. You block the spriggan rider's attack.
Unknown command.
You gain the combat prowess of a mighty hero.
You block the shambling mangrove's attack.
The grasping roots constrict you. You block the spriggan rider's attack.
You slash the shambling mangrove!
The shambling mangrove is heavily damaged.
Angry insects surge out from beneath the shambling mangrove's foliage!
The shambling mangrove hits you!!
* * * LOW HITPOINT WARNING * * *
You die...

♣...≈.
♣♣.≈≈♣.
♣...$♣.
♣.≈.≈.
≈....♣♣
♣ ....♣
♣ ♣..♣
♣ ♣.y♣
♣ ♣≈@♣
♣ ♣♣f♣
♣♣


♣iy ♣. ♣..♣ ♣♣ ♣..♣ ♣♣ ♣≈.♣ ♣♣. .... ♣.. ♣♣♣♣ ♣..≈ ♣.≈≈≈ You could see a
shambling mangrove, a spriggan rider and 2 hornets.

Vanquished Creatures
  Saint Roka (Orc:2)
  Rupert (Orc:2)
  Agnes (D:14)
  Kirke (Lair:3)
  2 orc warlords (Orc:2)
  A stone giant (Orc:1)
  A minotaur (Gauntlet)
  Snorg (D:11)
  A deep elf death mage (Elf:1)
  Josephine (Lair:4)
  2 ogre magi
  2 boulder beetles
  2 shambling mangroves (Swamp:1)
  9 hydras
  11 two-headed ogres
  A centaur warrior (D:14)
  2 dancing weapons (Elf:1)
  6 orc high priests
  A tengu warrior (D:14)
  A deep elf knight (Elf:1)
  Sonja (Orc:1)
  A fire crab (shapeshifter) (D:14)
  A hell knight (Volcano)
  A wizard (D:14)
  3 unseen horrors
  2 swamp dragons (Swamp:1)
  2 deep elf archers (Elf:1)
  A lindwurm (Lair:6)
  5 orc knights
  10 deep elf magi
  6 orc sorcerers
  A wolf spider (Lair:6)
  2 ugly things
  A cyclops (D:11)
  A manticore (D:13)
  25 elephants
  Joseph (Lair:1)
  4 centaur skeletons
  11 black mambas
  An apocalypse crab (Gauntlet)
  A guardian serpent (Lair:6)
  21 cane toads
  A torpor snail (Lair:3)
  3 rime drakes
  A tengu conjurer (D:13)
  A yaktaur (shapeshifter) (D:14)
  Maggie (D:6)
  An efreet (D:13)
  9 komodo dragons
  5 polar bears
  3 meliai
  3 tyrant leeches
  Prince Ribbit (D:6)
  2 trolls (Orc:2)
  4 hornets
  3 bog bodies (Swamp:1)
  11 blink frogs
  A meliai zombie (D:13)
  3 slime creatures
  Sigmund (D:3)
  4 shadows
  3 redbacks (Lair:6)
  The ghost of nojaa the Sneak, an amateur DDDe (D:7)
  5 fire bats (Volcano)
  55 yaks
  9 wraiths
  12 wyverns
  2 vampire mosquitoes (Swamp:1)
  Grum (D:8)
  3 basilisks
  6 swamp worms
  A warg (D:9)
  23 water moccasins
  2 acid dragons
  A swamp drake (Swamp:1)
  47 orc warriors
  An ice beast (shapeshifter) (D:14)
  9 ice beasts
  2 phantoms
  A black bear (D:11)
  14 ogres
  A necrophage (Swamp:1)
  8 centaurs
  23 wolves
  4 big kobolds
  2 elf zombies (Ossuary)
  15 bullfrogs
  A spectral water moccasin (D:7)
  A gnoll sergeant (Orc:2)
  2 wyvern skeletons
  8 killer bees
  A water moccasin skeleton (D:7)
  5 wights
  4 electric eels
  6 howler monkeys
  8 lava snakes (Volcano)
  2 centaur zombies
  A bullfrog zombie (D:7)
  A wyvern simulacrum (D:7)
  A quasit (D:6)
  3 human zombies (Ossuary)
  4 jellies
  9 hounds
  2 bullfrog skeletons
  32 orc priests
  26 orc wizards
  3 iguanas
  Ijyb (D:3)
  Natasha (D:2)
  13 worker ants
  A big kobold zombie (Ossuary)
  A hound zombie (D:6)
  2 hound skeletons
  2 mummies (Ossuary)
  A howler monkey skeleton (D:6)
  10 adders
  5 shadow imps
  A white imp (D:6)
  An ooze (D:1)
  2 adder zombies
  An adder skeleton (D:4)
  3 worms
  3 dart slugs
  A leopard gecko (D:7)
  131 orcs
  2 ball pythons (D:1)
  6 bats
  7 giant cockroaches
  3 goblins
  5 hobgoblins
  5 jackals
  26 kobolds
  2 quokkas
  A frilled lizard (D:4)
  2 goblin zombies (Ossuary)
  16 hobgoblin zombies (Ossuary)
  A jackal skeleton (D:8)
  4 kobold zombies (Ossuary)
  6 orc zombies (Ossuary)
  A quokka zombie (D:7)
  10 rats
  A spectral orc (D:2)
  2 bushes (Lair:2)
859 creatures vanquished.

Vanquished Creatures (others)
  5 humans (Lair:4)
  A yak (D:14)
  2 bullfrogs (Lair:4)
  33 fungi
  59 plants
  57 withered plants
157 creatures vanquished.

Grand Total: 1016 creatures vanquished

Notes
Turn   | Place    | Note
-------+----------+-------------------------------------------
     0 | D:1      | Peloso the Minotaur Fighter began the quest for the Orb.
     0 | D:1      | Reached XP level 1. HP: 19/19 MP: 0/0
   100 | D:1      | Reached XP level 2. HP: 27/27 MP: 1/1
   144 | D:1      | Reached skill level 4 in Shields
   476 | D:1      | Reached XP level 3. HP: 33/33 MP: 2/2
  1235 | D:2      | Noticed Natasha
  1241 | D:2      | Killed Natasha
  1241 | D:2      | Reached skill level 1 in Dodging
  1241 | D:2      | Reached XP level 4. HP: 40/40 MP: 3/3
  1508 | D:2      | Found a basalt altar of Yredelemnul.
  1776 | D:3      | Noticed Sigmund
  1806 | D:3      | Killed Sigmund
  1806 | D:3      | Reached skill level 5 in Armour
  1806 | D:3      | Reached XP level 5. HP: 20/47 MP: 4/4
  1806 | D:3      | Reached XP level 6. HP: 23/53 MP: 5/5
  2046 | D:3      | Noticed Ijyb
  2067 | D:3      | Killed Ijyb
  2067 | D:3      | Reached skill level 5 in Shields
  2079 | D:3      | You fall into a shaft and drop 3 floors!
  2090 | D:6      | Reached skill level 5 in Long Blades
  2501 | D:5      | Entered Level 5 of the Dungeon
  2641 | D:5      | Found a sand-covered staircase.
  2645 | Ossuary  | Entered an ossuary
  2915 | Ossuary  | Reached XP level 7. HP: 42/60 MP: 6/6
  2977 | Ossuary  | Reached skill level 5 in Fighting
  4767 | D:3      | Found an opulent altar of Gozag.
  5115 | D:6      | Noticed Prince Ribbit
  5125 | D:6      | Killed Prince Ribbit
  5125 | D:6      | Reached skill level 6 in Shields
  5125 | D:6      | Reached XP level 8. HP: 61/69 MP: 7/7
  5702 | D:7      | Noticed Maggie
  5789 | D:6      | Killed Maggie
  5908 | D:7      | Found a staircase to the Ecumenical Temple.
  5919 | Temple   | Entered the Ecumenical Temple
  6059 | Temple   | Became a worshipper of Warmaster Okawaru
  6098 | D:7      | Reached skill level 7 in Shields
  6098 | D:7      | Reached XP level 9. HP: 78/78 MP: 8/8
  6129 | D:7      | Found a runed translucent gate.
  6129 | D:7      | Found a runed translucent gate.
  6129 | D:7      | Found a runed translucent gate.
  6136 | D:7      | Noticed nojaa's ghost (amateur DDDe)
  6152 | D:7      | Found Lothuer's Antique Weapon Shop.
  6526 | D:7      | Reached skill level 10 in Long Blades
  6604 | D:7      | Reached * piety under Okawaru
  7187 | D:8      | Noticed Grum
  7204 | D:7      | Reached skill level 8 in Shields
  7315 | D:8      | Killed Grum
  7615 | D:7      | Reached ** piety under Okawaru
  7746 | D:8      | Got a transparent chain mail
  7757 | D:8      | Identified the +4 chain mail "Wiete" {Int+3} (You found it
                  | on level 8 of the Dungeon)
  7967 | D:8      | Reached skill level 9 in Shields
  7969 | D:8      | Found a burning altar of Makhleb.
  8395 | D:9      | Reached XP level 10. HP: 77/84 MP: 9/9
  8788 | D:9      | Reached *** piety under Okawaru
  8923 | D:10     | Entered Level 10 of the Dungeon
  9077 | D:10     | Reached skill level 10 in Shields
  9789 | D:10     | You fall into a shaft and drop 1 floor!
 10058 | D:10     | Found a staircase to the Orcish Mines.
 10090 | D:10     | Reached **** piety under Okawaru
 10447 | D:10     | Noticed a two-headed ogre
 10463 | D:10     | Killed a two-headed ogre
 10803 | D:10     | Reached XP level 11. HP: 95/95 MP: 10/10
 10854 | D:10     | Reached skill level 11 in Shields
 11051 | D:10     | Found a staircase to the Lair.
 11329 | D:11     | Noticed a green ugly thing
 11356 | D:11     | Killed an unseen horror
 11366 | D:11     | Killed a green ugly thing
 11845 | D:11     | Reached skill level 10 in Armour
 12118 | D:11     | Reached ***** piety under Okawaru
 12326 | D:11     | Noticed a boulder beetle
 12350 | D:11     | Killed a boulder beetle
 12751 | D:11     | Reached skill level 1 in Stealth
 12859 | D:11     | Noticed Snorg
 12894 | D:11     | Killed Snorg
 12894 | D:11     | Reached skill level 12 in Shields
 13396 | D:12     | Noticed a brown ugly thing
 13419 | D:12     | Killed a brown ugly thing
 13419 | D:12     | Received a gift from Okawaru
 13723 | D:12     | Killed an unseen horror
 14540 | D:13     | Received a gift from Okawaru
 14899 | D:13     | Reached XP level 12. HP: 106/106 MP: 11/11
 15387 | D:13     | Reached skill level 10 in Fighting
 15397 | D:13     | Reached skill level 13 in Shields
 15866 | Lair:1   | Entered Level 1 of the Lair of Beasts
 15915 | Lair:1   | Found a gate leading to a gauntlet.
 15951 | Gauntlet | Entered a Gauntlet
 15951 | Gauntlet | Found a transporter.
 15954 | Gauntlet | Found a transporter.
 15954 | Gauntlet | Noticed a great orb of eyes
 15956 | Gauntlet | Found a transporter.
 15959 | Gauntlet | Found a transporter.
 15959 | Gauntlet | Found a transporter.
 15960 | Gauntlet | Found a transporter.
 15967 | Gauntlet | Noticed a dire elephant
 15967 | Gauntlet | Noticed an eight-headed hydra
 15971 | Gauntlet | Found a transporter.
 15999 | Gauntlet | Found a runed translucent gate.
 16002 | Gauntlet | Found a transporter.
 16002 | Gauntlet | Found a transporter.
 16002 | Gauntlet | Found a runed translucent gate.
 16005 | Gauntlet | Found a transporter.
 16013 | Gauntlet | Found a runed translucent gate.
 16044 | Gauntlet | Found a transporter.
 16072 | Gauntlet | Found a transporter.
 16250 | Gauntlet | Got a pair of bloodstained gloves
 16261 | Gauntlet | Identified the +1 pair of gloves of Gozag's Pride {Rampage}
                  | (You found it in a Gauntlet)
 16410 | Gauntlet | Got a coiled emerald amulet
 16411 | Gauntlet | Identified the amulet of Gin and Tonic {Spirit +Blink} (You
                  | found it in a Gauntlet)
 16478 | Gauntlet | Noticed a minotaur
 16490 | Gauntlet | Killed a minotaur
 16490 | Gauntlet | Reached skill level 1 in Invocations
 16492 | Gauntlet | Found the cursed +13 scythe of Curses {drain, *Curse}
 16497 | Gauntlet | Got a shimmering marble ring
 16500 | Gauntlet | Identified the ring "Otokhlal" {rElec rC+ rCorr} (You found
                  | it in a Gauntlet)
 16754 | Lair:1   | Noticed Joseph
 16764 | Lair:1   | Killed Joseph
 17149 | Lair:1   | You fall into a shaft and drop 1 floor!
 17177 | Lair:2   | Reached skill level 14 in Shields
 17632 | Lair:2   | Received a gift from Okawaru
 17651 | Lair:2   | Got a jewelled buckler {god gift}
 17657 | Lair:2   | Identified the +3 buckler of Ituggiot {rC+ rN+++ Str-3
                  | Int+2} (Okawaru gifted it to you on level 2 of the Lair of
                  | Beasts)
 18700 | Lair:3   | Noticed a six-headed hydra
 18705 | Lair:3   | Killed a three-headed hydra
 18732 | Lair:3   | Reached skill level 1 in Evocations
 18832 | Lair:3   | Reached XP level 13. HP: 99/114 MP: 13/13
 19522 | Lair:3   | Reached skill level 15 in Long Blades
 19782 | Lair:3   | Found a staircase to the Swamp.
 20387 | Lair:4   | Reached skill level 15 in Shields
 20551 | Lair:4   | Received a gift from Okawaru
 20562 | Lair:4   | Noticed Kirke
 20713 | Lair:3   | Killed Kirke
 20771 | Lair:4   | Noticed Josephine
 20782 | Lair:4   | Killed Josephine
 21188 | Lair:4   | Reached ****** piety under Okawaru
 21453 | Lair:4   | Found a staircase to the Snake Pit.
 21741 | Orc:1    | Entered Level 1 of the Orcish Mines
 21812 | Orc:1    | Paralysed by an orc sorcerer for 4 turns
 22142 | Orc:1    | Found Laekoa's Jewellery Shoppe.
 22151 | Orc:1    | Bought the ring of Xelev {rF++ MR+} for 544 gold pieces
 22331 | Orc:1    | Noticed a stone giant
 22359 | Orc:1    | Killed a stone giant
 22528 | Orc:2    | Entered Level 2 of the Orcish Mines
 22555 | Orc:2    | Reached skill level 16 in Shields
 22587 | Orc:2    | Reached XP level 14. HP: 119/126 MP: 14/14
 22639 | Orc:2    | Received a gift from Okawaru
 22985 | Orc:2    | Noticed Sonja
 23546 | Orc:2    | Noticed an orc warlord
 23572 | Orc:2    | Killed an orc warlord
 23621 | Orc:2    | Noticed Saint Roka
 23683 | Orc:1    | Killed Sonja
 24026 | Orc:2    | Found a staircase to the Elven Halls.
 24229 | Orc:2    | Killed Saint Roka
 24229 | Orc:2    | Received a gift from Okawaru
 24232 | Orc:2    | Got a pair of polished gloves {god gift}
 24441 | Orc:2    | Identified the +0 pair of gloves of Poor Excuses {MR+
                  | Int+3} (Okawaru gifted it to you on level 2 of the Orcish
                  | Mines)
 24500 | Orc:2    | Found a roughly hewn altar of Beogh.
 24516 | Orc:2    | Found Muruar's Distillery.
 24533 | Orc:2    | Bought a potion of heal wounds for 60 gold pieces
 24533 | Orc:2    | Bought a potion of mutation for 96 gold pieces
 24618 | Orc:2    | Identified a scroll of acquirement
 24704 | Orc:2    | Noticed Rupert
 24705 | Orc:2    | Noticed an orc warlord
 24737 | Orc:2    | Killed an orc warlord
 24754 | Orc:2    | Killed Rupert
 24754 | Orc:2    | Reached skill level 17 in Shields
 24845 | Orc:2    | Found Rece's Magic Scroll Boutique.
 24850 | Orc:2    | Bought a scroll of magic mapping for 49 gold pieces
 24850 | Orc:2    | Bought a scroll of enchant weapon for 105 gold pieces
 24861 | Orc:2    | Found a roughly hewn altar of Beogh.
 25034 | Orc:2    | Found Ogref's Gadget Shop.
 25054 | Orc:2    | Bought a wand of digging (5) for 252 gold pieces
 25145 | Orc:2    | Found Utotettuyr's General Store.
 25474 | Elf:1    | Entered Level 1 of the Elven Halls
 25514 | Elf:1    | Gained mutation: Your magical capacity is low. (-10% MP) [a
                  | neqoxec]
 25518 | Elf:1    | Gained mutation: Scrolls take you a little longer to read.
                  | [a neqoxec]
 25558 | Elf:1    | Lost mutation: Scrolls take you a little longer to read.
                  | [potion of mutation]
 25558 | Elf:1    | Lost mutation: Your magical capacity is low. (-10% MP)
                  | [potion of mutation]
 25558 | Elf:1    | Gained mutation: Scrolls take you a little longer to read.
                  | [potion of mutation]
 25558 | Elf:1    | Gained mutation: You are weak. (Str -2) [potion of
                  | mutation]
 25558 | Elf:1    | Gained mutation: Your magical capacity is low. (-10% MP)
                  | [potion of mutation]
 25558 | Elf:1    | Gained mutation: You have sharp toenails. [potion of
                  | mutation]
 25559 | Elf:1    | Lost mutation: Your magical capacity is low. (-10% MP)
                  | [potion of mutation]
 25559 | Elf:1    | Lost mutation: You are weak. (Str -2) [potion of mutation]
 25559 | Elf:1    | Gained mutation: You are clumsy. (Dex -2) [potion of
                  | mutation]
 25559 | Elf:1    | Lost mutation: You have sharp toenails. [potion of
                  | mutation]
 25559 | Elf:1    | Gained mutation: Your muscles are strong. (Str +2) [potion
                  | of mutation]
 25613 | Elf:1    | Found Falotao's General Store.
 25630 | Elf:1    | Found Ypliac's General Store.
 25636 | Elf:1    | Found Mifeodd's Magic Scroll Emporium.
 25666 | Elf:1    | Reached XP level 15. HP: 113/136 MP: 15/15
 25672 | Elf:1    | Bought a scroll of magic mapping for 63 gold pieces
 25672 | Elf:1    | Bought a scroll of immolation for 63 gold pieces
 25674 | Elf:1    | Bought a scroll of acquirement for 780 gold pieces
 25678 | Elf:1    | Acquired 811 gold pieces
 25683 | Elf:1    | Bought a scroll of brand weapon for 300 gold pieces
 25726 | Elf:1    | Noticed an orc warlord
 26094 | Elf:1    | Received a gift from Okawaru
 26147 | Elf:1    | Identified the +3 triple sword of the Jolly Bounties
                  | {spect, *Contam +Blink rC+} (Okawaru gifted it to you on
                  | level 1 of the Elven Halls)
 26250 | D:10     | Lost mutation: Scrolls take you a little longer to read.
                  | [potion of mutation]
 26250 | D:10     | Lost mutation: Your muscles are strong. (Str +2) [potion of
                  | mutation]
 26250 | D:10     | Lost mutation: You are clumsy. (Dex -2) [potion of
                  | mutation]
 26250 | D:10     | Gained mutation: You are partially covered in slimy green
                  | scales. (AC +2) [potion of mutation]
 26250 | D:10     | Gained mutation: You possess an exceptional clarity of
                  | mind. [potion of mutation]
 26873 | Lair:5   | Found a viscous altar of Jiyva.
 26873 | Lair:5   | Found a staircase to the Slime Pits.
 27140 | Lair:5   | Identified the +1 spear of Ru's Scorn {antimagic, +Inv rF++
                  | SInv Stlth-} (You found it on level 5 of the Lair of
                  | Beasts)
 27152 | Lair:6   | Entered Level 6 of the Lair of Beasts
 27215 | Lair:6   | Reached skill level 18 in Shields
 27215 | Lair:6   | Received a gift from Okawaru
 27496 | Lair:6   | Found a dark tunnel.
 27503 | Volcano  | Entered a volcano
 27695 | Volcano  | Received a gift from Okawaru
 27738 | Volcano  | Found a burning altar of Makhleb.
 28151 | Lair:6   | Got an ancient chain mail
 28162 | Lair:6   | Identified the +0 chain mail of Uckukuk {rF+ MR+} (You
                  | found it on level 6 of the Lair of Beasts)
 29050 | D:7      | Killed nojaa's ghost
 29050 | D:7      | Reached skill level 19 in Shields
 29075 | D:7      | Acquired a +5 vorpal double sword
 29591 | D:14     | Noticed Agnes
 29606 | D:14     | Killed Agnes
 29689 | D:14     | Received a gift from Okawaru
 29808 | D:14     | Identified the +5 chain mail of Divine Compulsion {rCorr
                  | SInv}
 29822 | D:14     | Reached XP level 16. HP: 147/147 MP: 15/17
 29888 | D:14     | Found a gate to the Vaults.
 32064 | Swamp:1  | Entered Level 1 of the Swamp
 32284 | Swamp:1  | Reached skill level 15 in Fighting
 32576 | Swamp:1  | Noticed Jorgrun
 32627 | Swamp:1  | HP: 7/149 [shambling mangrove (19)]
 32627 | Swamp:1  | Slain by a shambling mangrove

Illustrated notes

Levels and vault maps discovered:
D:1:      lemuel_arrival_behind_the_door_large, layout_rooms
D:2:      layout_basic, yredelemnul_forgotten_temple_becter, uniq_natasha
D:3:      layout_rooms, nicolae_gozag_seed_capital, uniq_ijyb, uniq_sigmund
D:4:      layout_loops_corners
D:5:      layout_layer_cave, enter_ossuary_5
D:6:      layout_rooms, uniq_prince_ribbit1
D:7:      layout_basic, minmay_temple_entry_ruins, serial_shops,
          nicolae_shop_window_shopping, gammafunk_ghost_necromancy, uniq_maggie
D:8:      layout_gridville, minmay_parallelograms, makhleb_heckhound_becter,
          uniq_grum
D:9:      layout_loops_ring, hangedman_glass_teeth
D:10:     layout_stronghold, david_lair_shrubbed, erik_orc_4,
          kennysheep_opposing_triangles
D:11:     minmay_cornered_nines, layout_basic, uniq_snorg
D:12:     minmay_twisted_water, layout_loops_corners
D:13:     layout_rooms, chequers_garden
D:14:     layout_long_grid, david_vaults_2, minmay_misc_feat_cross,
          lightli_corner_chamber, uniq_agnes
Temple:   roderic_octagonal_lattice_temple
Lair:1:   layout_cellular_growth, gauntlet_entry_generic, grunt_megastairs_1,
          serial_bayou_shore_b, serial_bayou_shore_b, uniq_joseph
Lair:2:   layout_chaotic_city
Lair:3:   wander_river, layout_gridlike, palyth_hydra_swamp_entry,
          minmay_shattered_shrine
Lair:4:   layout_gridlike, dummy_snake_entry, grunt_megastairs_3, uniq_kirke,
          uniq_josephine
Lair:5:   layout_misc_corridors, dpeg_slime_entry_enclosed_altar
Lair:6:   hangedman_lair_tendril_chambers, layout_gridlike,
          nicolae_volcano_entry_s_turn, grunt_megastairs_4,
          infiniplex_staircase_pool_2, serial_bayou_shore_a
Swamp:1:  layout_falls_marsh, evilmike_swamp_ruin_house_1, swamp_pool1,
          hangedman_swamp_cone, st_shrine_of_shade, uniq_roxanne, uniq_frances,
          uniq_donald, uniq_jorgrun
Orc:1:    layout_caves, serial_shops, nicolae_shop_window_shopping
Orc:2:    pubby_orc_utopia, serial_shops, uniq_saint_roka, uniq_rupert,
          uniq_sonja
Elf:1:    eino_elf_arrival_customs, layout_loops_ring, special_room
          [special_room_orc], serial_shops, nicolae_shop_crystal,
          minmay_elf_annihilation, minmay_shop_star

Skill      XL: |  1  2  3  4  5  6  7  8  9 10 11 12 13 14 15 16 |
---------------+-------------------------------------------------+-----
Shields        | 4 5 6 7 9 10 12 14 16 17 19 | 19.5
Fighting       | 4 5 6 8 9 10 12 13 14 15 | 15.0
Armour         | 4 5 6 7 8 9 10 11 12 13 14 | 14.8
Long Blades    | 3 4 6 8 9 11 12 13 14 15 16 17 | 17.3
Dodging        | 1 2 3 4 |  4.5
Stealth        | 1 2 |  2.3
Invocations    | 1 2 |  2.9
Evocations     | 1 |  1.3
Unarmed Combat | |  0.3

Action                   |  1- 3 |  4- 6 |  7- 9 | 10-12 | 13-15 | 16-18 || total
-------------------------+-------+-------+-------+-------+-------+-------++-------
Melee: Long sword        |    97 |   164 |   494 |   733 |    20 |    19 ||  1527
       Headbutt          |     8 |    32 |   104 |   253 |   467 |    67 ||   931
       Unarmed           |       |    14 |     7 |       |       |       ||    21
       Scimitar          |       |       |       |   259 |   181 |       ||   440
       Demon blade       |       |       |       |       |  1366 |   217 ||  1583
Invok: Heroism           |       |       |       |    13 |    15 |     2 ||    30
       Finesse           |       |       |       |     1 |       |       ||     1
Evoke: Wand              |       |       |       |     8 |     3 |     1 ||    12
  Use: Potion            |     4 |     2 |     1 |     5 |    12 |     1 ||    25
       Scroll            |     3 |     3 |     8 |    13 |    18 |     2 ||    47
Armor: Scale mail        |    30 |       |       |       |       |       ||    30
       Chain mail        |    12 |       |       |       |       |       ||    12
       Plate armour      |    23 |   120 |   266 |   469 |   796 |   103 ||  1777
Dodge: Dodged            |    35 |    52 |   110 |   253 |   502 |    74 ||  1026
Block: Kite shield       |    62 |   100 |   304 |   635 |  1317 |   176 ||  2594
       Rpst.: Long sword |     4 |    11 |    24 |    44 |     6 |     2 ||    91
       Scimitar          |       |       |       |    16 |    14 |       ||    30
       Demon blade       |       |       |       |       |   107 |    16 ||   123

Table legend: (Time is in decaauts)
 A = Elapsed time spent in this place.
 B = Non-inter-level travel time spent in this place.
 C = Inter-level travel time spent in this place.
 D = Time resting spent in this place.
 E = Time spent auto-exploring this place.
 F = Levels seen in this place.
 G = Mean time per level.
                   A        B        C        D        E       F      G
               +--------+--------+--------+--------+--------+-----+--------+
         Total |  31901 |  29336 |   2565 |   4344 |  15631 |  28 | 1139.3 |
       Dungeon |  18911 |  17251 |   1660 |   3066 |   8953 |  14 | 1350.8 |
        Temple |    161 |    161 |      0 |      0 |    136 |   1 |  161.0 |
          Lair |   6646 |   5967 |    679 |    130 |   4206 |   6 | 1107.7 |
         Swamp |    522 |    522 |      0 |      0 |    315 |   1 |  522.0 |
  Orcish Mines |   3827 |   3628 |    199 |   1036 |   1636 |   2 | 1913.5 |
   Elven Halls |    363 |    338 |     25 |      0 |      0 |   1 |  363.0 |
       Ossuary |    631 |    631 |      0 |      0 |    222 |   1 |  631.0 |
       Volcano |    299 |    299 |      0 |      0 |    122 |   1 |  299.0 |
      Gauntlet |    537 |    537 |      0 |    111 |     40 |   1 |  537.0 |
               +--------+--------+--------+--------+--------+-----+--------+

Top non-repeatable levels by time:
   Orc:2: 2908 daAuts
    D:10: 2621 daAuts
    D:11: 2441 daAuts
    D:12: 2114 daAuts
  Lair:3: 1890 daAuts
    D:14: 1845 daAuts
     D:9: 1630 daAuts
     D:7: 1451 daAuts
     D:6: 1254 daAuts
  Lair:6: 1192 daAuts
     D:2: 1137 daAuts
  Lair:4: 1061 daAuts
  Lair:1: 1051 daAuts
   Orc:1: 919 daAuts
  Lair:2: 861 daAuts
